[Event "Austrian Championship 2022"]
[Site "Vienna"]
[Date "2022.08.15"]
[Round "4.5"]
[White "Menezes, Christoph"]
[Black "Sadilek, Peter"]
[Result "1-0"]
[ECO "E60"]
[WhiteElo "2417"]
[BlackElo "2330"]
[Annotator "TA"]
[PlyCount "109"]
[EventDate "2022.08.12"]
[EventType "swiss"]
[EventCountry "AUT"]
[SourceTitle "playchess.com"]
[Source "ChessBase"]
[SourceQuality "1"]
[TimeControl "40/5400+30:1800+30"]

1. Nf3 Nf6 2. c4 g6 3. d4 Bg7 4. g3 c5 5. d5 b5 6. cxb5 a6 7. bxa6 d6 8. Nc3 O-O 9. Bg2 Nxa6 10. O-O Bf5 {[%emt 0:03:27] E60: King's Indian: Unusual lines and Fianchetto Variation without Nc3.} 11. Nh4 Bd7 12. Rb1 Qb6 {[%emt 0:12:53] The position is equal.} 13. h3 Nc7 {[%emt 0:02:40] [#]} 14. Bd2 $146 ({Predecessor:} 14. b4 cxb4 15. a3 Qc5 16. axb4 Qxc3 17. Bb2 Qc4 18. Rc1 Qxb4 19. Bxf6 Bxf6 20. Rxc7 {½-½ (111) Rios,C (2530)-Garcia Cuenca,V (2359) Linares 2019}) 14... Qb7 15. e4 Qc8 16. Kh2 Nb5 17. Ra1 Ne8 18. Qc1 Nxc3 ({Black should try} 18... Nd4 $14) 19. Bxc3 $16 Bxc3 20. Qxc3 (20. bxc3 Ra4 $11) 20... Nc7 21. Nf3 {[%emt 0:09:34] White is more active.} Ra4 22. Qe3 f6 23. a3 Qa6 24. h4 Bg4 25. Nd2 Rd4 26. f3 Bd7 27. Rfc1 Rb8 (27... Qd3 $14 28. Nc4 Qxe3 29. Nxe3 f5) 28. b4 {[%emt 0:05:43] aiming for Bf1.} Rd3 29. Qe1 {[%emt 0:01:53] And now Bf1 would win.} Rxa3 30. Rxa3 Qxa3 31. bxc5 dxc5 32. Ra1 Qc3 33. Rc1 (33. Ra7 $16 Rc8 34. Rb7) 33... Qd4 (33... Qa3 $1 $11) 34. Rc4 Qd3 35. Rxc5 Nb5 36. Qc1 $36 {[%emt 0:01:29][%mdl 2048] White is really pushing.} Ra8 {[%emt 0:03:26] Strongly threatening ...Ra2.} 37. Qc2 {[%emt 0:00:43] Inhibits Ra2.} ({Inferior is} 37. Bf1 Qd4 38. Bxb5 Qf2+ 39. Kh1 Bh3 $19) 37... Qe2 {[%emt 0:00:25] Hoping for ...Nd4.} 38. Nf1 (38. Rc4 $5 ) 38... Qe1 39. Qb2 {[%emt 0:00:28] Prevents Nd4.} Nd6 {[%emt 0:00:35] [#]} ({Better is} 39... Kf8) 40. Rc7 $1 Bb5 {[%emt 0:00:28] [#] Black cannot hold the game after this.} (40... Rd8 $16 41. Qb6 Kf8) 41. Rxe7 $1 $18 Qa1 42. Qxa1 Rxa1 43. Ne3 Ra2 44. Re6 Nf7 45. Rb6 Be2 46. f4 ({Don't take} 46. Rxf6 Kg7 $18) 46... Nh6 47. Kg1 Ra1+ 48. Kf2 Ra2 49. Ke1 {[%emt 0:00:42] d6 is the strong threat.} ({Weaker is} 49. Rb8+ Kf7 50. Ke1 Ba6 $18) 49... Ng4 50. Nxg4 Bxg4 51. Bf1 Bf3 (51... Ra4 $142 52. Bd3 Bf3) 52. d6 Ra1+ 53. Kf2 Bxe4 54. d7 Ra8 55. Re6 {[%emt 0:00:10] Weighted Error Value: White=0.13 (very precise) /Black=0.40} 1-0

[Event "Austrian Championship 2022"]
[Site "Vienna"]
[Date "2022.08.15"]
[Round "4.5"]
[White "Jethan, Martin"]
[Black "Mayrhuber, Tobias"]
[Result "1/2-1/2"]
[ECO "D36"]
[WhiteElo "2103"]
[BlackElo "2010"]
[Annotator "TA"]
[PlyCount "158"]
[EventDate "2022.08.12"]
[EventType "swiss"]
[EventCountry "AUT"]
[SourceTitle "playchess.com"]
[Source "ChessBase"]
[SourceQuality "1"]
[TimeControl "40/5400+30:1800+30"]

1. d4 d5 2. c4 e6 3. Nc3 Nf6 4. cxd5 exd5 5. Bg5 Be7 6. e3 c6 7. Qc2 O-O 8. Bd3 h6 9. Bf4 Re8 {[%emt 0:07:00] D36: Queen's Gambit Declined: Exchange Variation: Main line (5 Bg5 c6 6 Qc2).} 10. h3 Bd6 11. Nge2 Bxf4 12. Nxf4 Qd6 {[%emt 0:01:31] White must now prevent ...Qxf4.} 13. O-O-O b5 14. g4 Na6 15. Qe2 (15. Qd2 {is superior.}) 15... Nb4 $11 16. Bb1 {[%emt 0:02:05] [#]} Bd7 $146 (16... Nxa2+ $1 $17 17. Bxa2 b4) ({Predecessor:} 16... Nxa2+ 17. Nxa2 Qxf4 18. Qc2 Qf3 19. Nb4 Ne4 20. Rdf1 a5 21. Nd3 a4 22. Ne5 Rxe5 23. dxe5 {1-0 (57) Zachej,A (1742)-Grund,W (1897) Muensterland 2003}) 17. Rhg1 {[%emt 0:10:23] [#]} (17. a3 a5 $11) (17. Qf3 $11) 17... Nxa2+ $1 $15 18. Bxa2 {[%emt 0:08:13] aiming for Qf3.} b4 19. Na4 {[%emt 0:03:55] [#]} ({But not} 19. g5 $2 hxg5 20. Na4 (20. Rxg5 $2 bxc3 21. Rdg1 Qxf4 $19) 20... gxf4 $19) 19... Qxf4 20. Nc5 Qd6 (20... Bc8 $1 $15) 21. g5 $14 hxg5 22. Rxg5 Ne4 ({Weaker is} 22... Bxh3 23. Rdg1 g6 24. Bb1 $16) ({Black should play} 22... Nh7 $14 23. Rg3 Bf5) 23. Nxe4 $16 Rxe4 24. Rdg1 $1 g6 25. Bb1 Re6 26. Qf3 $2 (26. h4 $1 $16 {[%cal Rh4h5] is forced if you want to stay better. Strongly threatening h5.} c5 27. h5 cxd4 28. hxg6 Qc5+ 29. Bc2) 26... Rc8 ({Better is} 26... Rf6 $19 27. Qg2 (27. Qh5 $2 Kg7 $19) 27... Rc8) 27. Kd1 (27. Rf5 $142 c5 28. Rxf7 cxd4+ 29. Kd2 dxe3+ 30. fxe3) 27... c5 (27... Rf6 $142 28. Qg2 c5 29. Qxd5 Ba4+ 30. Ke2 Bb5+ 31. Bd3 Qa6 32. Rxg6+ (32. Bxb5 $2 Qxb5+ 33. Ke1 Qd3 $17) 32... Rxg6 33. Rxg6+ Qxg6 34. Bxb5 cxd4) 28. Qxd5 $17 Ba4+ (28... Kf8 $17) 29. Kd2 Qxd5 30. Rxd5 {[%emt 0:00:07] Threatens to win with Bf5.} cxd4 (30... Rec6 $11 {remains equal.}) 31. Rxd4 ({White must play} 31. Bf5 $1 $16 ) 31... a5 $2 (31... Rc5 $11 {and Black is okay.}) 32. Bf5 $1 $18 Rec6 33. Bxc8 Rc2+ 34. Kd3 Rxc8 {[%emt 0:00:07][%mdl 4096] Endgame KRR-KRB} 35. Rg5 Bc2+ 36. Kd2 Bf5 37. e4 Bxh3 38. Rxa5 b3 39. Rd3 Rc2+ {[%emt 0:00:35] [#]} 40. Ke1 $1 Rc1+ {[%emt 0:03:58] [#]} 41. Rd1 $1 Rc4 42. f3 Bg2 $2 (42... Be6 {keeps fighting.} 43. Ke2 Rc2+ 44. Rd2 Rc1) 43. Rd3 Rc1+ 44. Kf2 Rc2+ 45. Ke3 $2 (45. Kg3) 45... Rxb2 46. Ra8+ Kg7 47. Rb8 Bh3 48. Rdxb3 Ra2 49. R8b6 Be6 50. Rc3 Ra5 51. f4 Kf6 52. Kf3 Rh5 {[%emt 0:00:00] Hoping for ...Rh3+.} 53. Ke3 Ra5 $1 54. Rbc6 Rb5 55. R6c5 Rb1 56. Kf2 {[%emt 0:00:00] Inhibits Re1.} Rb4 57. Kf3 Rb1 58. Rc2 Rb3+ 59. R5c3 Rb5 60. Rc1 Ra5 61. Rd3 Rb5 62. Ra1 Rh5 63. Ke3 Rh3+ 64. Kd4 {[%emt 0:01:23] Rxh3 is the strong threat.} Rh5 65. Rf1 Ra5 66. Rh1 Ra4+ 67. Ke3 Kg7 68. Rh2 Ra1 69. Kd4 Ra4+ 70. Ke3 Ra1 $1 71. Rc3 Re1+ 72. Kd4 Ra1 73. Rc5 Kf6 74. f5 (74. Rc6 $18) 74... Rd1+ {[%emt 0:00:00] The position is equal.} 75. Ke3 gxf5 76. exf5 Bxf5 77. Rf2 Re1+ 78. Kd4 Re4+ 79. Kc3 Re5 {[%emt 0:00:00] Black defended with fortune.  Weighted Error Value: White=0.26 (precise) /Black=0.32} 1/2-1/2

[Event "Austrian Championship 2022"]
[Site "Vienna"]
[Date "2022.08.15"]
[Round "4.6"]
[White "Neumeier, Klaus"]
[Black "Shengelia, David"]
[Result "0-1"]
[ECO "D02"]
[WhiteElo "2257"]
[BlackElo "2462"]
[Annotator "TA"]
[PlyCount "98"]
[EventDate "2022.08.12"]
[EventType "swiss"]
[EventCountry "AUT"]
[SourceTitle "playchess.com"]
[Source "ChessBase"]
[SourceQuality "1"]
[TimeControl "40/5400+30:1800+30"]

1. Nf3 d5 2. g3 Nd7 3. d4 Nb6 4. Bg2 Bf5 5. O-O e6 6. b3 {[%emt 0:03:53] D02: 1 d4 d5 2 Nf3 sidelines, including 2...Nf6 3 g3 and 2...Nf6 3 Bf4.} Nf6 7. Bb2 h6 8. Nbd2 {[%emt 0:00:40] White has an edge.} Be7 9. Ne5 O-O 10. Re1 c6 {[%emt 0:15:35] [#]} 11. Nd3 $146 ({Predecessor:} 11. e4 dxe4 12. Nxe4 Nxe4 13. Bxe4 Bxe4 14. Rxe4 Nd7 15. Nxd7 Qxd7 16. Qf3 f5 17. Re2 {½-½ (44) Banusz,T (2619)-Westerberg,J (2546) Batumi 2019}) 11... Qc7 12. e4 Bh7 (12... dxe4 $11 13. Nxe4 a5) 13. Qe2 Rfd8 14. Rac1 a5 15. a4 Nxe4 16. Nxe4 (16. Bxe4 {keeps more tension.} dxe4 17. Nxe4 Nd7 18. c4) 16... dxe4 17. Bxe4 Bxe4 18. Qxe4 Bf6 19. Ne5 Bxe5 (19... Nd7 {is interesting.} 20. f4 c5 21. Ba3 Rac8) 20. dxe5 Nd5 21. Ba3 c5 22. Qc4 b6 23. Qe4 Ne7 24. Rcd1 Rxd1 25. Rxd1 Rd8 26. Rxd8+ Qxd8 $11 {[%emt 0:00:04][%mdl 4096] Endgame KQB-KQN} 27. Bb2 Qd1+ 28. Kg2 Nd5 29. c4 Ne7 30. Qa8+ Kh7 {[%emt 0:00:01] Strongly threatening ...Qc2.} 31. Qe4+ {[%emt 0:00:43] [#]} (31. Qf3 $1 $15 Qc2 32. Qxf7) 31... Ng6 $1 $17 32. Qe3 Qc2 {[%emt 0:00:19] Black is more active.} 33. Qc3 (33. Ba3 $17) 33... Qe2 $19 34. Ba1 (34. h3 {was worth a try.}) 34... Qe4+ 35. Qf3 Qb1 36. Qc3 h5 {[%emt 0:00:38] Hoping for ...h4.} 37. h4 $2 {[%emt 0:00:04] This costs White the game.} (37. Bb2 $17 {keeps fighting.}) 37... Ne7 {[%emt 0:01:14] ...Nf5 is the strong threat.} 38. Bb2 Nf5 {[%emt 0:00:21] White must now prevent ...Nd4.} 39. Qd2 Qe4+ 40. Kg1 Qf3 {[%emt 0:01:15] Inhibits Qd1.} 41. Qc2 (41. Bc3 {is the only way for White.}) 41... Kg8 {[%emt 0:01:55] aiming for ...Nd4.} 42. Kh2 Nd4 43. Bxd4 {[%emt 0:01:48] [#]} (43. Qd2 $19 Nxb3 44. Qc2) 43... cxd4 {[%emt 0:00:03][%cal Bc5d4,Bd4d3,Bd3d2][%mdl 32] KQ-KQ. Black mates.} 44. Qd2 d3 45. c5 bxc5 46. Qxa5 Qxf2+ 47. Kh3 Qf1+ 48. Kh2 Qe2+ 49. Kh3 d2 {[%emt 0:00:11] Weighted Error Value: White=0.35/Black=0.08 (flawless)} 0-1

[Event "Austrian Championship 2022"]
[Site "Vienna"]
[Date "2022.08.15"]
[Round "4.6"]
[White "Spiesberger, Gerhard"]
[Black "Tumanyan, Gor"]
[Result "1/2-1/2"]
[ECO "A04"]
[WhiteElo "1972"]
[BlackElo "1884"]
[Annotator "TA"]
[PlyCount "30"]
[EventDate "2022.08.12"]
[EventType "swiss"]
[EventCountry "AUT"]
[SourceTitle "playchess.com"]
[Source "ChessBase"]
[SourceQuality "1"]
[TimeControl "40/5400+30:1800+30"]

1. Nf3 c5 2. g3 b6 3. Bg2 Bb7 4. c3 e6 5. d4 cxd4 6. cxd4 {[%emt 0:01:42] A04: Unusual lines after 1 Nf3 and King's Indian Attack.} Nf6 7. O-O Be7 8. Nc3 {[%emt 0:01:28] The position is equal.} O-O 9. Bg5 d6 {[%emt 0:04:18] [#]} 10. Bxf6 $146 ({Predecessor:} 10. Rc1 Nbd7 11. Qb3 Rc8 12. Rfd1 Qc7 13. e4 Rfe8 14. e5 dxe5 15. dxe5 Nxe5 16. Nxe5 Bxg2 17. Nxf7 {1-0 (28) Al Hosani,O (2173)-Buscar,M (2088) Chess.com INT 2021}) 10... Bxf6 11. Qd3 {[%emt 0:00:05][%cal Of3g5] [#] Ng5! is the strong threat.} g6 12. Rac1 a6 13. Nd2 Bxg2 14. Kxg2 b5 15. Nce4 Be7 {[%emt 0:03:19] Not much happened in this game.  Weighted Error Value: White=0.03 (flawless) /Black=0.06 (flawless)} 1/2-1/2

[Event "Austrian Championship 2022"]
[Site "Vienna"]
[Date "2022.08.15"]
[Round "4.7"]
[White "Marakovits, Nico"]
[Black "Balinov, Ilia"]
[Result "1-0"]
[ECO "E91"]
[WhiteElo "2259"]
[BlackElo "2419"]
[Annotator "TA"]
[PlyCount "85"]
[EventDate "2022.08.12"]
[EventType "swiss"]
[EventCountry "AUT"]
[SourceTitle "playchess.com"]
[Source "ChessBase"]
[SourceQuality "1"]
[TimeControl "40/5400+30:1800+30"]

1. d4 Nf6 2. c4 g6 3. Nc3 Bg7 4. e4 d6 5. Nf3 O-O 6. Be2 c5 7. d5 e6 8. O-O exd5 9. exd5 Bg4 10. h3 Bxf3 11. Bxf3 (11. gxf3 Re8 $11) 11... Nfd7 {[%emt 0:00:05] E91: King's Indian: Classical: 6 Be2, unusual replies including 6...c5 and 6...Bg4.} 12. Qc2 Ne5 13. Be2 f5 {[%emt 0:00:19] White is slightly better.} 14. f4 {[%emt 0:13:04] [#]} Ng4 $146 {[%emt 0:02:10] [#]} ({Predecessor:} 14... Nf7 15. Bd2 Nd7 16. Rae1 a6 17. a4 Qh4 18. Kh2 Rae8 19. Bf3 Nd8 20. b3 Qf6 21. Rxe8 Rxe8 {1-0 (47) Larson,M (2392)-Hua,L (2310) Saint Louis 2017}) 15. Bxg4 (15. hxg4 Bd4+ 16. Rf2 Qh4 $17) (15. g3 $1 $16 Bd4+ 16. Kg2 Ne3+ 17. Bxe3 Bxe3 18. Rae1) 15... fxg4 $11 16. Qd3 (16. hxg4 Bd4+ 17. Rf2 Na6 $17) 16... Bd4+ 17. Kh2 gxh3 18. Qxh3 Nd7 19. Ne4 Nf6 20. Ng5 h5 {[%emt 0:01:48] Hoping for ...Ng4+.} (20... Qe7 $5 ) 21. Ne6 Qe7 22. Qd3 (22. Nxf8 Ng4+ 23. Kh1 Rxf8 $15) 22... Ng4+ 23. Kg3 Qf6 (23... Rf5 $11) 24. f5 $2 {[%emt 0:11:18] [#]} (24. Nxf8 $14 {keeps the upper hand.} Kxf8 25. Bd2) 24... Be5+ ({Black should try} 24... gxf5 $1 $17 {[%cal Od4f2] White must now prevent ...Bf2+!} 25. Nxf8 (25. Kh3 Rf7) 25... Bf2+ 26. Rxf2 h4+ 27. Kf4 Rxf8) 25. Kh3 gxf5 {[%emt 0:00:35][%cal Of6g6] next ...Qg6! is good for Black.} 26. Bg5 (26. Nxf8 $11 Rxf8 27. Bf4) 26... Qg6 $17 27. Kh4 ({Wrong is} 27. Nxf8 $2 Qxg5 28. Qf3 (28. Qxf5 $2 Nf2+ 29. Rxf2 Qg3#) 28... Rxf8 $19) 27... Rf7 {[%emt 0:04:39] Threatens to win with ...Kh8.} ({Reject} 27... Bxb2 $6 28. Rab1 Bf6 29. Qxf5 Bxg5+ 30. Qxg5 Qxg5+ 31. Kxg5 Rxf1 32. Rxf1 $11) 28. Rae1 Kh7 (28... Bxb2 $17 {Strongly threatening ...Be5.} 29. Nf4 Qh7) 29. g3 $15 Rg8 30. Kh3 Nh6 (30... Kh8 $15) 31. Qf3 b6 32. b3 f4 (32... Kh8 $11) 33. gxf4 $16 {[%emt 0:00:42] White is more active.} Bf6 $2 (33... a6 $16 {was worth a try.}) 34. f5 $18 {[%emt 0:01:16] Really sharp!} Qxg5 35. Nxg5+ Rxg5 36. Rg1 $2 (36. Re4 $18) 36... Rxf5 $2 (36... Rg4 $14) 37. Qe4 {[%emt 0:01:11] aiming for Qd3.} Be5 (37... Kh8 $142 38. Rg6 Bg7 39. Rxd6 Ng4 40. Rd8+ Bf8) 38. Rg5 (38. Ref1 $142) 38... Kh8 39. Rxf5 Rxf5 40. Rg1 (40. Rh1 $18 {has better winning chances.}) 40... Bg7 $2 (40... Rf2 $16 41. Rg2 Rf4) 41. Qe8+ {[%emt 0:30:11] White is clearly winning.} Bf8 42. Qg6 a5 43. Re1 {[%emt 0:02:58] Weighted Error Value: White=0.70/Black=0.53} 1-0

[Event "Austrian Championship 2022"]
[Site "Vienna"]
[Date "2022.08.15"]
[Round "4.7"]
[White "Kordzadze, Nino"]
[Black "Hengl, Philip"]
[Result "1-0"]
[ECO "A13"]
[WhiteElo "2043"]
[BlackElo "1968"]
[Annotator "TA"]
[PlyCount "75"]
[EventDate "2022.08.12"]
[EventType "swiss"]
[EventCountry "AUT"]
[SourceTitle "playchess.com"]
[Source "ChessBase"]
[SourceQuality "1"]
[TimeControl "40/5400+30:1800+30"]

1. c4 e6 2. g3 d5 3. Bg2 Nf6 4. Nf3 Be7 5. O-O O-O 6. b3 c6 7. Bb2 b6 {[%emt 0:03:21] is more profitable than 7...Nbd7 at the moment.} 8. Qc2 Bb7 9. d3 {[%emt 0:02:14] A13: English Opening: 1...e6.} c5 10. e3 Nc6 11. a3 {[%emt 0:01:56] The position is equal.} Qc7 12. Nbd2 {[%emt 0:01:04] [#]} a5 $146 (12... Rad8 13. Rac1 Rfe8 14. cxd5 Nxd5 15. e4 Nf6 16. d4 Qd7 17. dxc5 Bxc5 18. Bxf6 gxf6) ({Predecessor:} 12... Rad8 13. Rac1 Rfe8 14. cxd5 Nxd5 15. e4 Nf6 16. d4 Qd7 17. dxc5 Bxc5 18. Bxf6 gxf6 {1-0 (60) Malakhatko,V (2540)-Nielsen,R (2340) Runavik 2017}) 13. Rfd1 Rfd8 14. cxd5 exd5 15. d4 Rac8 (15... a4 $5 ) 16. Rac1 Qb8 17. Qf5 g6 18. Qb1 Ne8 19. Qa1 Bf8 20. Nf1 (20. h4 $14) 20... Rc7 21. N1d2 Ng7 22. dxc5 bxc5 23. Ne5 Ne6 24. Ng4 d4 $1 25. Nc4 $2 (25. Nf6+ $11 {and White is okay.} Kh8 26. Be4) 25... Bg7 $19 {[%emt 0:00:43] Threatens to win with ...h5.} 26. h4 h5 (26... Re7 $19 27. Qa2 h5) 27. Nh2 $17 dxe3 (27... Re7 $19 {...Ne5 is the strong threat.} 28. Bh3 dxe3 29. Bxg7 Rxd1+ 30. Rxd1 Nxg7) 28. fxe3 {[%emt 0:04:01] [#]} ({White should play} 28. Rxd8+ $1 $15 Ncxd8 29. fxe3) 28... Rcd7 (28... Ncd4 $1 $17 29. exd4 Nxd4) 29. Rxd7 $11 Rxd7 30. Nf1 Bxb2 31. Qxb2 Ng7 (31... Qc7 $11) 32. Nb6 (32. Qf6 $5 Qc7 33. Qf4 $11) 32... Rd6 ({Better is} 32... Rd8 $1 $14) 33. Nd5 $16 {[%emt 0:00:47] White is more active.} Nf5 $2 (33... Qd8 $16 34. Rxc5 Ne8) 34. Nf6+ $18 Rxf6 35. Qxf6 Nxg3 {[%emt 0:00:10] [#] aiming for ...Ne2+.} 36. Bd5 Ne2+ 37. Kf2 Nxc1 (37... Ne5 $18 38. Bxf7+ (38. Kxe2 Bxd5 39. Rxc5 Nd7 $16) 38... Nxf7 39. Qxg6+ Kf8 40. Kxe2 Qe5) 38. Bxf7+ {[%emt 0:00:07] White used his chance.  Weighted Error Value: White=0.25 (precise) /Black=0.65} 1-0

[Event "Austrian Championship 2022"]
[Site "Vienna"]
[Date "2022.08.15"]
[Round "4.8"]
[White "Belke, Frank"]
[Black "Morgunov, Marc"]
[Result "0-1"]
[ECO "E70"]
[WhiteElo "2226"]
[BlackElo "2376"]
[Annotator "TA"]
[PlyCount "64"]
[EventDate "2022.08.12"]
[EventType "swiss"]
[EventCountry "AUT"]
[SourceTitle "playchess.com"]
[Source "ChessBase"]
[SourceQuality "1"]
[TimeControl "40/5400+30:1800+30"]

1. d4 Nf6 2. c4 g6 3. Nc3 Bg7 4. e4 d6 5. Nge2 O-O 6. Ng3 h5 7. Bg5 {[%emt 0:00:07] E70: King's Indian: Miscellaneous lines with 4 e4, including 5 Nge2 and 5 Bd3 0-0 6 Nge2.} Nh7 (7... c5 $5 ) 8. Be3 {[%emt 0:00:06] [#]} a5 $146 ({Predecessor:} 8... h4 9. Nge2 e5 10. Qd2 Nc6 11. d5 Nb8 12. Nc1 f5 13. f3 a5 14. Nd3 b6 {0-1 (67) Mchedlishvili,M (2618)-Amin,B (2617) Dubai 2021}) 9. Bd3 {[%emt 0:01:58] White is slightly better.} Nc6 (9... h4 $11) 10. d5 Ne5 11. h3 e6 12. Be2 f5 {[%emt 0:07:56] Threatens to win with ...f4.} 13. exf5 (13. Qd2 $11) 13... exf5 $15 {[%emt 0:00:36] White must now prevent ...f4.} 14. Bf4 Re8 15. O-O Nd7 ({Black should try} 15... h4 $17 16. Nh1 Bd7) 16. Bxh5 gxh5 $17 17. Nxf5 Ndf6 (17... Bxc3 $17 18. bxc3 Ndf6 19. Nh6+ Kf8) 18. Nxg7 $11 Kxg7 19. Qd4 Bf5 20. f3 Qd7 21. g4 $2 {[%emt 0:08:49] Loses the game.} (21. Rf2 $11 {and White is okay.}) 21... hxg4 $19 22. fxg4 {[%emt 0:00:05] [#]} Bxg4 23. Bh6+ Kxh6 24. Rxf6+ Nxf6 25. Qxf6+ Kh5 26. hxg4+ Qxg4+ 27. Kf2 {[%emt 0:00:03] Threatening mate with Rh1+.} Qh4+ 28. Qxh4+ Kxh4 29. Rh1+ Kg5 30. Rh7 Kg6 31. Rxc7 {[%emt 0:01:35] [#]} (31. Rh3) 31... Re5 $1 {[%emt 0:00:12] ( -> ...Rf8+)} 32. Kg3 Rf8 {[%emt 0:00:26] Weighted Error Value: White=0.90/Black=0.22 (precise)} 0-1

[Event "Austrian Championship 2022"]
[Site "Vienna"]
[Date "2022.08.15"]
[Round "4.8"]
[White "Weichhart, Daniel"]
[Black "Wiedermann, Daniel"]
[Result "0-1"]
[ECO "E94"]
[WhiteElo "1965"]
[BlackElo "2053"]
[Annotator "TA"]
[PlyCount "106"]
[EventDate "2022.08.12"]
[EventType "swiss"]
[EventCountry "AUT"]
[SourceTitle "playchess.com"]
[Source "ChessBase"]
[SourceQuality "1"]
[TimeControl "40/5400+30:1800+30"]

1. c4 Nf6 2. Nc3 g6 3. d4 Bg7 4. e4 d6 5. Nf3 O-O 6. Be2 Nbd7 7. O-O e5 8. Be3 Qe7 9. d5 c5 $1 {[%emt 0:02:39][%mdl 4] outshines the older 9...Ng4. E94: King's Indian: Classical: 6 Be2 e5 7 0-0: Various Black 7th moves.} 10. Ne1 Kh8 11. Kh1 Ng8 {[%emt 0:00:44] White is slightly better.} 12. g4 Bh6 13. Bxh6 Nxh6 14. Qd2 {[%emt 0:00:09] [#]} Kg7 $146 ({Predecessor:} 14... Ng8 15. Rg1 f5 16. gxf5 gxf5 17. Nf3 Ndf6 18. Ng5 h6 19. Ne6 Bxe6 20. dxe6 Qxe6 {0-1 (36) Taboas Rodriguez,D (2381)-Fressinet,L (2660) Chess.com INT 2017}) 15. g5 Ng8 16. Nd3 Nb6 17. b3 f5 (17... f6 $16 {is a better defense.}) 18. exf5 (18. f4 $18) 18... Bxf5 $16 19. Rae1 (19. f4 {with more complications.} Bxd3 20. Bxd3 Rxf4 21. Rxf4 exf4 22. Nb5) 19... Rae8 20. f3 Nc8 21. Nf2 Qd7 22. Nfe4 Bh3 23. Rg1 (23. Rf2 $16) 23... Rf4 $14 24. Rg3 Ref8 25. Nf2 Bf5 26. Bd1 a6 ({Black should try} 26... Qe7 $14) 27. Ne2 $1 $16 Rh4 28. f4 $1 Re8 29. Qc3 Kf8 (29... Kh8 $16 30. fxe5 Qg7) 30. fxe5 $18 Rxe5 31. Ng1 Rxe1 32. Qxe1 Qe7 33. Qd2 ({White should play} 33. Re3 $16 Qd8 34. Nf3) 33... Qe5 {[%emt 0:01:41] And now ...Qxg3 would win.} 34. Kg2 Rd4 35. Qc1 {[%emt 0:00:54] Strongly threatening Nf3.} Rf4 36. Nf3 Be4 {[%emt 0:00:44] [#]} 37. Nd3 $1 Rxf3 38. Rxf3+ Bxf3+ 39. Bxf3 Qf5 40. Qf4 $36 {[%emt 0:00:16][%mdl 2048] White is really pushing.} Nge7 41. Bg4 Qxf4 42. Nxf4 $14 {[%emt 0:00:08][%mdl 4096] Endgame KBN-KNN} b5 43. Ne6+ Kf7 {[%emt 0:00:00] [#]} (43... Kg8 $1 $14) 44. Nd8+ $1 $16 Ke8 {[%emt 0:00:00] [#]} 45. Nb7 Nf5 $2 (45... b4 $16 46. Kf3 Kf8) 46. Bxf5 $18 gxf5 {[%emt 0:00:00] KN-KN} 47. h4 Kd7 48. h5 Ke7 49. Kf3 bxc4 50. bxc4 Nb6 51. Nxd6 $4 Kxd6 $19 52. g6 hxg6 53. h6 Nxc4 {[%emt 0:00:00] Both players deserved the win here.  Weighted Error Value: White=0.40/Black=0.45} 0-1

[Event "Austrian Championship 2022"]
[Site "Vienna"]
[Date "2022.08.15"]
[Round "4.9"]
[White "Gschiel, Alexander"]
[Black "Schernthaner, David"]
[Result "1/2-1/2"]
[ECO "A37"]
[WhiteElo "2215"]
[BlackElo "2319"]
[Annotator "TA"]
[PlyCount "99"]
[EventDate "2022.08.12"]
[EventType "swiss"]
[EventCountry "AUT"]
[SourceTitle "playchess.com"]
[Source "ChessBase"]
[SourceQuality "1"]
[TimeControl "40/5400+30:1800+30"]

1. c4 c5 2. Nc3 Nc6 3. Nf3 e5 4. g3 g6 5. Bg2 Bg7 6. O-O Nge7 7. a3 O-O 8. Rb1 a5 9. d3 d6 10. Bd2 Be6 {[%emt 0:01:51] A37: Symmetrical English vs ...g6: 4 Bg2 Bg7 5 Nf3.} 11. Qc1 {[%emt 0:01:01] [#]} Rc8 $146 ({Predecessor:} 11... Rb8 12. Nb5 f6 13. Bh6 Bxh6 14. Qxh6 d5 15. cxd5 Nxd5 16. h4 Qd7 17. Rbc1 Nce7 18. Nc3 {1-0 (37) Mogranzini,R (2469)-Rombaldoni,D (2533) Perugia 2011}) 12. Ng5 Bd7 13. Nge4 Be6 14. Nb5 Nd4 15. Nxd4 cxd4 16. b4 $1 axb4 17. Bxb4 d5 18. Nd6 Rb8 19. Nb5 {[%emt 0:02:35] White is much more active. The black rooks are badly placed.} (19. a4 $1 $16) 19... dxc4 $11 20. Bd6 (20. dxc4 $11 Qd7 21. Bd6) 20... cxd3 (20... Rc8 $15 21. Bxb7 Qd7 22. Bxc8 Rxc8 23. dxc4 Rxc4) 21. Bxb8 (21. exd3 $11 {was the only way to keep the balance.} Rc8 22. Qe1) 21... dxe2 $17 22. Re1 Qxb8 23. Nc7 $2 (23. Rxe2 $17 Nd5 24. Re1) 23... Bf5 $19 24. Rxb7 Qc8 25. Rxe2 d3 $1 26. Reb2 (26. Re1 {keeps fighting.} e4 27. Bxe4 Bxe4 28. Rxe4 Qxb7 29. Rxe7) 26... e4 27. Rb1 Qd7 $2 (27... Rd8 $19 {has better winning chances.} 28. Qd2 Bh6 $1 29. Qxh6 d2) 28. Qf4 $17 {[%emt 0:03:29] [#]} Rc8 $1 29. Rb8 h5 {[%emt 0:00:26] ...Rxb8 is the strong threat.} 30. Rxc8+ Qxc8 (30... Nxc8 $17 31. Bxe4 d2) 31. Qd6 $36 {[%emt 0:00:56][%mdl 2048] White has good play.} Bf8 32. h3 (32. a4 $142) 32... Nd5 33. Qxd5 $14 Qxc7 34. Bxe4 Bxe4 35. Qxe4 {[%emt 0:00:04][%mdl 4096] Endgame KQR-KQB} d2 36. Qd3 Qc1+ 37. Kh2 Kh7 38. a4 Bc5 (38... Qe1 $11) 39. Qf1 (39. Qb3 $16 Kh6 40. Qd1) 39... Qc3 40. Qe2 {[%emt 0:00:52] Inhibits Qf3.} Qc1 41. Qd1 Qc3 42. Kg2 {[%emt 0:00:00] Hoping for Qf3.} Kg7 (42... Qd3 $11 {keeps the balance.}) 43. Qf3 $16 Qd4 (43... Qc4 $16) 44. a5 $18 {[%emt 0:00:00] Threatens to win with Rd1.} Qc4 45. Rb7 $2 ({Better is} 45. h4 $18) 45... Bxf2 $2 46. a6 $2 ({Only move:} 46. Kxf2 $18 Qd4+ 47. Kg2) 46... Bd4 $11 {[%emt 0:01:18] Strongly threatening ...Qa2. The position is equal.} 47. h4 Qa2 48. Kh3 Qe6+ 49. Kh2 Qa2 50. Kh3 {[%emt 0:00:00] What a bad dream for Black.  Weighted Error Value: White=0.56/Black=0.32} 1/2-1/2